AoeStats
← Joey_did_it

Hideout

510224077Analyzed
1v1 RM · 21h ago on Sep 30, 2026· 37m 0s· 2 players
Game mode
Random Map
Map size
Tiny (2 player)
Population
200
Speed
Normal
Resources
Standard
Victory
Conquest
Starting age
Dark Age
Ending age
Imperial Age
RankedLock teamsTeams togetherTeam positionsShared explorationLock speedFull tech treeHidden civsTurbo modeCheats
Victory
Defeat
🇲🇽 Byzantines · Mexico
737
+16
🇺🇸 Franks · United States
745
-35
BrawnyBranch314
0:39 Loom
13:17 Feudal Age
20:01 Castle Age
20:32 Crossbowman
22:31 Fletching
24:50 Thumb Ring
24:57 Padded Archer Armor
Joey_did_it
19:17 Feudal Age
22:52 Man-at-Arms
23:35 Gold Mining
24:02 Double-Bit Axe
29:51 Wheelbarrow
Connection lost

Rejoining the realm…

Still unreachable

The connection could not be restored.

Session expired

The server has moved on; the page needs a fresh start.